Cogmind - Beta 13 @@@ ROGUE MODE // 2024.04.15 @ 10:41:54 Player: sordeles Result: Destroyed by Y-45 Defender with Heavy Assault Rifle Performance ------------- Evolutions (0) 0 Regions Visited (2) 400 Robots Destroyed (10) 50 Value Destroyed (276) 276 Prototype IDs (0) 0 Alien Tech Used (0) 0 Bonus (0) 0 TOTAL SCORE: 726 Bonus ------- None Cogmind --------- Core Integrity 0/250 Matter 290/300 Energy 98/100 System Corruption 0% Temperature Cool (9) Movement Rolling (100) Location -10/Mines Parts ------- > --- POWER (1) -------- (None) > --- PROPULSION (2) --- Compact Wheel Compact Wheel > --- UTILITY (2) ------ Improved Heat Sink Medium Storage Unit > --- WEAPON (2) ------- Grenade Launcher > --- INVENTORY (10) --- Aluminum Leg Compact Wheel Medium Storage Unit ECM Suite EM Pulse Gun Light Assault Rifle Mining Laser Makeshift Hammer Peak State ------------ > --- POWER ------------ Light Nuclear Core > --- PROPULSION ------- Light Treads Light Treads > --- UTILITY ---------- Small Storage Unit Light Armor Plating > --- WEAPON ----------- Medium Laser Particle Gun > --- INVENTORY -------- Ion Engine Light Treads Compact Wheel Improved Heat Sink Small Matter Pod ECM Suite Light Armor Plating Datajack [Rating: 11] Favorites ----------- Power Ion Engine Engine Ion Engine Power Core Light Nuclear Core Propulsion Aluminum Leg Treads Light Treads Leg Aluminum Leg Wheel Compact Wheel Utility Light Armor Plating Device Improved Heat Sink Storage Medium Storage Unit Protection Light Armor Plating Weapon Particle Gun Energy Gun Particle Gun Ballistic Gun Light Assault Rifle Launcher Grenade Launcher Impact Weapon Makeshift Hammer Build | -11 -10 -10 ------- Run | Yrd Mat Min Slots Evolved . | . . . Power . | . . . Propulsion . | . . . Utility . | . . . Weapon . | . . . Parts Attached 38 | 6 23 9 Power 7 | 1 5 1 Engine 5 | 1 3 1 Core 2 | . 2 . Reactor . | . . . Propulsion 11 | 2 7 2 Treads 6 | 2 4 . Leg 3 | . 3 . Wheel 2 | . . 2 Hover . | . . . Flight . | . . . Utility 9 | 1 5 3 Device 3 | . . 3 Storage 3 | 1 2 . Processor . | . . . Hackware . | . . . Protection 3 | . 3 . Artifact . | . . . Weapon 11 | 2 6 3 Energy Gun 5 | 1 3 1 Energy Cannon . | . . . Ballistic Gun 4 | 1 3 . Ballistic Cannon . | . . . Launcher 1 | . . 1 Special Weapon . | . . . Impact Weapon 1 | . . 1 Slashing Weapon . | . . . Piercing Weapon . | . . . Special Melee Weapon . | . . . Unidentified Prototypes . | . . . Parts Lost 6 | . 1 5 Power 2 | . 1 1 Propulsion 2 | . . 2 Utility 1 | . . 1 Weapon 1 | . . 1 Highest Loss Streak 5 | . 1 5 To Critical Strikes . | . . . Average Slot Usage (%) 93 | . 96 86 Engine 6 | . 4 9 Core 6 | . 8 . Treads 8 | . 11 . Leg 16 | . 15 19 Wheel 1 | . . 5 Device 1 | . . 3 Storage 14 | . 15 14 Protection 10 | . 10 9 Energy Gun 13 | . 14 9 Ballistic Gun 11 | . 12 9 Launcher 1 | . . 3 Naked Turns . | . . . Heaviest Build 23 | 13 23 23 Greatest Support 40 | 40 40 32 Greatest Overweight (x) 6 | . 4 6 Average Overweight (x) . | . . . Largest Inventory Capacity 10 | 8 10 10 Average Capacity 9 | 7 9 10 Most Carried 10 | 2 10 10 Average Carried 7 | 1 7 9 Final Capacity 10 | 8 10 10 Final Carried 10 | 2 10 8 Class Distribution -------------------- 83% | Mutant 16% | Scavenger-Mutant Dominant Class ---------------- Mutant | -10/Materials Mutant | -10/Mines Resources | -11 -10 -10 ----------- Run | Yrd Mat Min Matter Collected 599 | 117 398 84 Remotely . | . . . Salvage Created 277 | . 277 . Parts 21 | . 21 . Haulers Intercepted . | . . . Recyclers Shooed . | . . . Parts Field Recycled . | . . . Retrieved Matter . | . . . Parts Self-Destructed . | . . . Prevented . | . . . Kills | -11 -10 -10 ------- Run | Yrd Mat Min Combat Hostiles Destroyed 7 | . 6 1 Guns 6 | . 6 . Classes Destroyed 2 | . 2 . Watcher 3 | . 3 . Grunt 6 | . 6 . Best Kill Streak 2 | . 2 1 Combat Bots Only 2 | . 2 1 Max Kills in Single Turn 1 | . 1 1 Gunslinging . | . . . Exploded . | . . . Melee . | . . . Uniques/NPCs Destroyed 1 | . . 1 YI-UF0 (-10/Mines) Combat | -11 -10 -10 -------- Run | Yrd Mat Min Hostile Shots Fired 93 | . 67 26 Missed 23 | . 13 10 Damage Taken 1260 | . 674 586 Core 254 | . 99 155 Absorbed by Shields . | . . . Regen/Repaired (Parts) 73 | . 73 . Core Remaining (%) 100 | 100 . . Volleys Fired 32 | . 31 1 Largest 2 | . 2 2 Hottest 115 | . 115 85 Shots Fired 59 | . 57 2 Gun 59 | . 57 2 Cannon . | . . . Launcher . | . . . Special . | . . . Kinetic 19 | . 18 1 Thermal 40 | . 39 1 Explosive . | . . . Electromagnetic . | . . . Robot Hit Streak 8 | . 8 . Robot Miss Streak 3 | . 3 2 Penetration Max . | . . . Secondary Targets . | . . . Shots Hit Robots 34 | . 33 1 Core Hits 16 | . 16 . Critical Kills . | . . . Critical Parts Destroyed . | . . . Critical Strikes . | . . . Melee Attacks 1 | . . 1 Impact 1 | . . 1 Slashing . | . . . Piercing . | . . . Sneak Attacks . | . . . Combat Hostiles . | . . . Follow-up Attacks . | . . . Damage Inflicted 437 | . 386 51 Guns 386 | . 386 . Cannons . | . . . Explosions . | . . . Melee 51 | . . 51 Ramming . | . . . Kinetic 96 | . 96 . Thermal 290 | . 290 . Explosive . | . . . Electromagnetic . | . . . Impact 51 | . . 51 Slashing . | . . . Piercing . | . . . Highest Corruption . | . . . Average Corruption . | . . . Corruption Purged . | . . . Corruption Blocked . | . . . Overload Shots . | . . . Overflow Damage . | . . . Projectiles . | . . . Explosions . | . . . Melee . | . . . Knockbacks 1 | . . 1 Impact 1 | . . 1 Kinetic . | . . . Secondary . | . . . Self-Inflicted Damage . | . . . Shots . | . . . Rammed . | . . . Targets Rammed . | . . . Kicked . | . . . Crushed . | . . . Highest Temperature 439 | . 439 33 Average Temperature 148 | . 150 20 Received Heat Transfer 348 | . 330 18 Effects 6 | . 6 . Shutdowns 2 | . 2 . Energy Bleed 1 | . 1 . Interference 1 | . 1 . Matter Decay 1 | . 1 . Damage (minor) 1 | . 1 . Siege Activations . | . . . Robots Corrupted . | . . . Combat Hostiles . | . . . Parts Fried . | . . . Impact Corruptions 1 | . . 1 Robots Melted . | . . . Combat Hostiles . | . . . Parts Melted 1 | . 1 . Heat Transferred 777 | . 777 . Parts Sabotaged . | . . . Parts Stolen . | . . . Parts Stripped . | . . . Power Chain Reactions . | . . . Alert | -11 -10 -10 ------- Run | Yrd Mat Min Peak Influence 189 | . 189 15 Initial . | . . . Average 34 | . 51 . Maximum Alert Level . | . . . Low Security (%) 100 | 100 100 100 Level 1 . | . . . Level 2 . | . . . Level 3 . | . . . Level 4 . | . . . Level 5 . | . . . High Security . | . . . Max Security . | . . . Squads Dispatched 4 | . 4 . Investigation 2 | . 2 . Extermination . | . . . Reinforcement 2 | . 2 . Assault . | . . . Garrison . | . . . Intercept . | . . . Searches Triggered . | . . . Construction Impeded . | . . . Haulers Reinforced . | . . . Active Scanning Responses . | . . . Cargo Convoy Interrupts . | . . . Stealth | -11 -10 -10 --------- Run | Yrd Mat Min Distress Signals . | . . . Communications Jammed . | . . . Distress Signals . | . . . Times Spotted 20 | . 16 4 Peak Tracking Total 3 | . 3 2 Tactical Retreats 1 | . . 1 Traps | -11 -10 -10 ------- Run | Yrd Mat Min Traps Triggered 7 | . 7 . Indirectly . | . . . Trap Hack Attempts . | . . . Triggered . | . . . Disarmed . | . . . Reprogrammed . | . . . Reused . | . . . Traps Extracted . | . . . Installed . | . . . Triggered . | . . . Machines | -11 -10 -10 ---------- Run | Yrd Mat Min Machines Disabled 1 | . 1 . Max in Single Turn 1 | . 1 . Machines Repaired . | . . . Machines Dismantled . | . . . Machines Sabotaged . | . . . Overloaded Fab Kills . | . . . Hacking | -11 -10 -10 --------- Run | Yrd Mat Min Machines Accessed 5 | . 5 . Terminals 2 | . 2 . Fabricators . | . . . Repair Stations 1 | . 1 . Recycling Units 2 | . 2 . Scanalyzers . | . . . Garrison Access . | . . . Total Hacks 14 | . 14 . Successful 9 | . 9 . Failed 5 | . 5 . Catastrophic 1 | . 1 . Database Lockouts . | . . . Manual . | . . . Terminals 2 | . 2 . Fabricators . | . . . Repair Stations 10 | . 10 . Recycling Units 2 | . 2 . Scanalyzers . | . . . Garrison Access . | . . . Terminal Hacks 1 | . 1 . Dispatch Records 1 | . 1 . Fabricator Hacks . | . . . Repair Station Hacks 6 | . 6 . Scan Component 3 | . 3 . Repair 3 | . 3 . Recycling Unit Hacks 2 | . 2 . Report Inventory 2 | . 2 . Scanalyzer . | . . . Garrison Access Hacks . | . . . Unauthorized Hacks . | . . . Terminals . | . . . Fabricators . | . . . Repair Stations . | . . . Recycling Units . | . . . Scanalyzers . | . . . Garrison Access . | . . . Data Cores Recovered . | . . . Used . | . . . Hacking Detections 3 | . 3 . Full Trace Events 1 | . 1 . Feedback Events . | . . . Feedback Blocked . | . . . Robot Schematics Acquired . | . . . Robots Built . | . . . Authchips . | . . . Time . | . . . Total Robot Build Rating . | . . . Part Schematics Acquired . | . . . Parts Built . | . . . Authchips . | . . . Time . | . . . Total Part Build Rating . | . . . Parts Repaired 3 | . 3 . Time 96 | . 96 . Parts Recycled . | . . . Recycled Matter . | . . . Retrieved Matter . | . . . Retrieved Components . | . . . Parts Scanalyzed . | . . . Part Schematics Acquired . | . . . Parts Damaged . | . . . Bothacking | -11 -10 -10 ------------ Run | Yrd Mat Min Used RIF Installer . | . . . Robots Hacked . | . . . Non-combat . | . . . Combat . | . . . Robot Hacks Applied . | . . . Relay Couplers Released . | . . . Fabnet Peak Effective % . | . . . Robots Rewired . | . . . Allies Hacked . | . . . Hacks Repelled . | . . . Allies | -11 -10 -10 -------- Run | Yrd Mat Min Total Allies 3 | . . 3 Largest Group 3 | . . 3 Highest-Rated Group 40 | . . 40 Highest-Rated Ally 16 | . . 16 Total Orders . | . . . Ally Attacks 1 | . . 1 Total Damage 13 | . . 13 Kills . | . . . Allies Corrupted . | . . . Allies Melted . | . . . Intel | -11 -10 -10 ------- Run | Yrd Mat Min Robot Analysis Total . | . . . Derelict Logs Recovered 1 | . . 1 Drone Launches . | . . . Drone Recoveries . | . . . Exploration | -11 -10 -10 ------------- Run | Yrd Mat Min Turns Passed 2242 | 97 1491 654 Spaces Moved 1173 | 58 738 377 Core 23 | 5 5 13 Treads 359 | 53 306 . Legs 659 | . 427 232 Wheels 132 | . . 132 Hover . | . . . Flight . | . . . Fastest Speed 50 | 50 100 100 Average Speed 167 | 150 172 161 Slowest Speed 350 | 160 250 350 Overloaded Moves . | . . . Propulsion Burnouts . | . . . Robots Hopped . | . . . Cave-ins Triggered . | . . . Exploration Rate (%) 57 | 4 93 76 Regions Visited 2 Branch Regions 1 Pre-discovered Areas . | . . . Known Exits Taken . | . . . Unknown Exits Taken 2 | 1 1 . Scrap Searched 1 | . . 1 Spaces Dug . | . . . Terrain Destroyed . | . . . Melee . | . . . Projectile . | . . . AOE . | . . . Terrain Rammed . | . . . Walls Destroyed . | . . . Machines Disabled . | . . . Actions | -11 -10 -10 --------- Run | Yrd Mat Min Total 1392 | 65 902 425 Wait 106 | . 83 23 Move 1171 | 57 737 377 Hop . | . . . Pick Up 18 | 2 11 5 Fast Attach 28 | 6 20 2 Attach 10 | . 3 7 Detach 10 | . 6 4 Swap . | . . . Drop 16 | . 11 5 Fire 32 | . 31 1 Melee 1 | . . 1 Ram . | . . . Kick . | . . . Crush . | . . . Escape Stasis . | . . . Rewire . | . . . Trap . | . . . Miscellaneous . | . . . Route ------- -11/Scrapyard -10/Materials (discovered 5 exits: [*Mat x3] / [*Min x2]) -10/Mines (discovered 2 exits: [*Mat x2]) History --------- Turn | Location | Event 3 | -11/Scrapyard | Discovered new exit (range 16) 98 | -11/Scrapyard | Entered Materials 318 | -10/Materials | Build established: Mutant 349 | -10/Materials | Discovered new exit (range 10) 856 | -10/Materials | Discovered new exit (range 5) 916 | -10/Materials | Discovered new exit (range 9) 1015 | -10/Materials | Build established: Scavenger-Mutant 1015 | -10/Materials | Discovered new exit (range 8) 1075 | -10/Materials | Repaired Aluminum Leg 1113 | -10/Materials | Repaired Lgt. Nuclear Core 1151 | -10/Materials | Repaired Particle Gun 1345 | -10/Materials | Discovered new exit (range 16) 1376 | -10/Materials | Build established: Mutant 1589 | -10/Materials | Entered Mines 1625 | -10/Mines | A weapon hastily lodged in a ceiling crevice suddenly fell to the ground 1780 | -10/Mines | Assisted by bots powering up and referring to "LRC-V3" 1781 | -10/Mines | Learned location of 2 exits from Materials 1835 | -10/Mines | Discovered new exit (range 15) 2031 | -10/Mines | Core integrity fell below 50% 2041 | -10/Mines | Core integrity fell below 20% 2044 | -10/Mines | Destroyed YI-UF0 2057 | -10/Mines | Lost 3 allies 2073 | -10/Mines | Lost 5 parts (1p2n1u1w) 2156 | -10/Mines | Discovered new exit (range 11) 2243 | -10/Mines | Destroyed by Y-45 Defender with Heavy Assault Rifle Last Messages --------------- U-05 Engineer lays Concrete. K-01 Serf collects debris. U-05 Engineer builds a Wall. K-01 Serf collects debris. Acquired Com. Wheel. U-05 Engineer lays Concrete. U-05 Engineer builds a Wall. U-05 Engineer lays Concrete. Acquired 10 matter. U-05 Engineer lays Concrete. EXIT=FOUND Searching scrap... Found Com. Wheel. Found Terrain Scanner. Found EM Pulse Gun. Found 27 Matter. Dropped EM Pulse Gun. Acquired EM Pulse Gun. Acquired Com. Wheel. U-05 Engineer lays Concrete. Map ----- +----------------------------------------------------+ | ????????????????# """ ######????????????? | | ????????????????# ########?????? | | ????????????????? < ## # ??????? | | ????????????????### ### # ????????? | | ????????????????# # #?????????? | | ???????????####### # # # #?????????? | | ???????##### ### # ##???#????? | | ??????## # ### #????? | | ??????# #### # # #????? | | ?????# # # % #????? | | ?????# ##### # # ##?????? | | ?????## ##??# ## # ## ##??????? | | ??????###????# ###### !% #??????? | | ?????????????# % !# ##??????? | | ?????????????# # ### ## ##?????? | | ?????????????### ## #### * #####?? | | ???????????#### #??## | | ???????????# # ##??#% | | ???????????# ##### ??# # ####### | | ???????????# ##???## ?# # ###??????? | | ???????????# ##????# # # #?????#### | | ???????????## ######## # ## #????## # | | ????????####### # #????# | | ????????# #???## | | ????????##t ##### ### #??## | | ?????????##### @##??# #?# ##??# | | ???????????## ##?## #%= #??# # | | ???????????# #??# ##! ##??# ### | | ???????????# #??# # # #### #??? | | ????????##### #??# # # ###? | | ???????## ?## ##??### % # # ## | | ??????## ### ##????# % | | ?????## ##????# # # ### | | ?????# ##??# # # # ###?? | | ?????# ##???# # ###???? | | ????## ##????# # ####?????? | | ????# ##?????# ## # ## # #????????? | | ????# YY##??????##?## ?# ###????????? | | ????## ## #???????????# ? #??????????? | | ?????###?#!%#??????????? #???????????? | | ?###?##### [#########?? # ????????????? | | ?#" ## #?# ????????????? | | #"" # ##????# ? ????????????? | | #!! / #?????##? ????????????? | | #!! / #??????? ????????????? | | #"" # %????? ????????????? | | ##" ?# ??????????????????? | | ?##??## ## ??????????????????? | | ?????? ##### ##????????????????????? | | ?????? ##????###?????????????????????? | +----------------------------------------------------+ Best States ------------- Heat Dissipation 39 Energy Generation 14 Energy Capacity 250 Matter Stores 300 Matter Capacity 350 Sight Range 16 Terrain Scan Density 10 ECM Strength 1 Armor Coverage 150 Evasion (%) 55 Recoil Reduction 2 Item Schematics ----------------- None Robot Schematics ------------------ None Fabricated ------------ Nothing Alien Tech Used ----------------- None Achievements -------------- One Hack Too Far Part-time Mechanic Challenges ------------ None Game ------ Seed ImpulseGrapheneInjector Manual? 0 Play Time 00:22:19 Cumulative 2.8 hours Start 2024.04.15 @ 10:18:21 End 2024.04.15 @ 10:41:54 Sessions 1 Manual Loads 0 Difficulty Rogue Special Mode None Game No. 5 Rogue 5 Adventurer 0 Explorer 0 Win Type - Total 0 Types 0/0/0/0/0/0/0/0/0 Lore% 0 Gallery% 6 Achievement% 3 Wizard Run 0 Options --------- Layout 1 ASCII 0 Keyboard 1 Movement Numpad Keybinds 0 Fullscreen 1 Font 32/Terminus Map View 50x35 Zoom Use 0% Tactical HUD 0 Map Filters NONE Filters NONE Steam 1 RUN: c04a17e2-b863-4d57-9fad-9b9099a9ac08